 Dungeon Crawl Stone Soup version 0.31.0-9-g3a7656b989 (webtiles) character file.

Game seed: 17019037437113305105

820 qw the Nimble (level 7, -3/35 HPs)
             Began as a Spriggan Hunter on Feb 2, 2024.
             Was an Initiate of Okawaru.
             Slain by a gnoll
             ... wielding a +0 spear
             ... led by a gnoll bouda
              (6 damage)
             ... on level 5 of the Dungeon.
             The game lasted 00:00:14 (2543 turns).

qw the Nimble (Spriggan Hunter)                     Turns: 2543, Time: 00:00:15

Health: -3/35      AC:  2    Str:  7    XL:     7   Next: 63%
Magic:  6/8        EV: 29    Int: 11    God:    Okawaru [......]
Gold:   151        SH:  0    Dex: 20    Spells: 6/6 levels left

rFire   . . .        a - +0 shortbow
rCold   . . .        (shield currently unavailable)
rNeg    . . .        c - +0 robe
rPois   .            (helmet restricted)
rElec   .            (no cloak)
rCorr   .            (gloves unavailable)
SInv    +            (boots unavailable)
Will    +....        (no amulet)
Stlth   ++++         (no ring)
HPRegen 0.25/turn    (no ring)
MPRegen 0.11/turn

%: no passive effects
@: heroic, weakened, hasted, very quick
A: very small, no large weapons, unfitting armour, see invisible, speed 3
a: Renounce Religion


You were on level 5 of the Dungeon.
You worshipped Okawaru.
Okawaru was noncommittal.
You visited 2 branches of the dungeon, and saw 6 of its levels.

You collected 151 gold pieces.


Innate Abilities, Weirdness & Mutations

You are very small and have problems with some larger weapons.
You are too small for most types of armour.
You have supernaturally acute eyesight. (SInv)
You cover ground extremely quickly. (Speed+++)


   Skills:
 - Level 2.0(7.0) Fighting
 + Level 6.5(11.5) Ranged Weapons
 - Level 9.2(14.2) Dodging
 - Level 1.5(6.5) Stealth


You had 6 spell levels left.
You didn't know any spells.
Your spell library was empty.

Inventory:

Hand Weapons
 a - a +0 shortbow (weapon)
Armour
 c - a +0 robe (worn)
Potions
 b - a potion of curing {unknown}
 d - a potion of enlightenment

Dungeon Overview and Level Annotations

Branches:
Dungeon (5/15)             Temple (1/1) D:4

Altars:
Ashenzari
Cheibriados
Dithmenos
Elyvilon
Fedhas
Gozag
Hepliaklqana
Makhleb
Nemelex Xobeh
Okawaru
Ru
Sif Muna
Trog
Uskayaw
Vehumet
Xom
Yredelemnul

Annotations:
D:4 3 runed translucent doors, qw's ghost, amateur DEHu


Message History

The scorpion closely misses you. The gnoll misses you.
The gnoll barely misses you. The scorpion closely misses you.
You shoot an arrow. The arrow hits the scorpion.
You kill the scorpion!
Okawaru accepts your kill.
You can now gain great but temporary skills.
The gnoll is no longer moving quickly.
The howler monkey completely misses you.
The scorpion barely misses you.
2537 ||| INVOKING Heroism.
You gain the combat prowess of a mighty hero.
You can no longer gain great but temporary skills.
The gnoll is no longer moving quickly.
The howler monkey hits you. The gnoll misses you. The scorpion misses you.
You shoot an arrow.
The arrow hits the scorpion but does no damage.
The howler monkey completely misses you.
You shoot an arrow.
The arrow hits the scorpion but does no damage.
The gnoll hits you from afar with a +0 spear!
The scorpion completely misses you.
The gnoll bouda barks out a call to the hunt!
The gnolls pick up the pace!
You shoot an arrow.
The arrow hits the scorpion but does no damage.
The howler monkey hoots and howls with incredible vigour!
You hear a shout!
You shoot an arrow. The arrow closely misses the scorpion.
The gnoll completely misses you. The scorpion closely misses you.
The gnoll completely misses you.
You shoot an arrow. The arrow hits the scorpion.
The scorpion is lightly wounded.
The gnoll completely misses you.
The howler monkey completely misses you.
You shoot an arrow.
The arrow hits the scorpion but does no damage.
The scorpion is lightly wounded.
The scorpion completely misses you. The gnoll closely misses you.
The gnoll hits you from afar with a +0 spear.
You die...

............
........$..
..........#
h..."...#
.g.B...#


#gggB.# #hss# #@g# #### You could see a gnoll bouda, 2 scorpions, a howler
monkey, 2 bombardier beetles and 4 gnolls.

Vanquished Creatures
  Pikel (D:4)
  A scorpion (D:5)
  A howler monkey (D:3)
  A bombardier beetle (D:4)
  2 hounds (D:4)
  2 orc wizards (D:3)
  A gnoll (D:5)
  5 adders
  2 ribbon worms
  2 dart slugs
  5 orcs
  2 ball pythons
  8 bats
  6 endoplasms
  2 giant cockroaches
  5 goblins
  5 hobgoblins
  5 jackals
  6 quokkas
  13 frilled lizards
  13 kobolds
  6 rats
94 creatures vanquished.

Notes
Turn   | Place    | Note
-------+----------+-------------------------------------------
     0 | D:1      | qw the Spriggan Hunter began the quest for the Orb.
     0 | D:1      | Reached XP level 1. HP: 10/10 MP: 2/2
     0 | D:1      | 0 ||| qw: Version: 0.3-a-155-g5e7d8dd
     0 | D:1      | 0 ||| qw: Game counter: 2410
     0 | D:1      | 0 ||| qw: Melee chars always use a shield: true
     0 | D:1      | 0 ||| qw: God list: Okawaru
     0 | D:1      | 0 ||| qw: Allow faded altars: false
     0 | D:1      | 0 ||| qw: Do Orc after clearing Dungeon:15 true
     0 | D:1      | 0 ||| qw: Do second Lair branch before Depths: true
     0 | D:1      | 0 ||| qw: Lair rune preference: random
     0 | D:1      | 0 ||| qw: Goals: Normal
     0 | D:1      | 0 ||| PLANNING D:1-11
    47 | D:1      | Reached skill level 3 in Dodging
    66 | D:1      | HP: 1/10 [dart slug/slug dart (4)]
    70 | D:1      | Reached XP level 2. HP: 3/14 MP: 3/3
   116 | D:1      | Reached skill level 4 in Dodging
   280 | D:1      | Reached XP level 3. HP: 18/18 MP: 4/4
   469 | D:1      | 469 ||| DROPPING scarf of invisibility.
   470 | D:1      | 470 ||| DROPPING amulet of magic regeneration.
   471 | D:1      | 471 ||| READING 2 scrolls labelled YVAETT PYNA.
   471 | D:1      | 471 ||| IDENTIFYING ruby potion
   472 | D:1      | 472 ||| DROPPING scroll of butterflies.
   597 | D:2      | HP: 4/18 [poisoned by an adder]
   598 | D:2      | 598 ||| DRINKING potion of heal wounds.
   657 | D:2      | Found a shimmering blue altar of Sif Muna.
  1070 | D:2      | 1070 ||| READING scroll of identify.
  1070 | D:2      | 1070 ||| IDENTIFYING smoky clear potion
  1071 | D:2      | 1071 ||| READING scroll labelled YRUSACAWYRCH.
  1172 | D:2      | 1172 ||| DRINKING 2 fizzy brown potions.
  1173 | D:2      | 1173 ||| DROPPING potion of invisibility.
  1204 | D:3      | Reached XP level 4. HP: 22/22 MP: 5/5
  1211 | D:3      | Reached skill level 5 in Dodging
  1222 | D:3      | 1222 ||| FLEEEEING.
  1274 | D:3      | Reached XP level 5. HP: 26/26 MP: 6/6
  1403 | D:3      | Found a shadowy altar of Dithmenos.
  1606 | D:3      | Found a bloodstained altar of Trog.
  1648 | D:3      | 1648 ||| READING 2 scrolls of identify.
  1648 | D:3      | 1648 ||| IDENTIFYING 2 smoky inky potions
  1649 | D:3      | 1649 ||| READING scroll of identify.
  1649 | D:3      | 1649 ||| IDENTIFYING 2 silvery potions
  1650 | D:3      | 1650 ||| READING scroll labelled KOGOITUONA.
  1700 | D:3      | 1700 ||| READING scroll labelled INIGI XA LOIMM.
  1701 | D:3      | 1701 ||| READING scroll labelled SUOVUF YKEUSA.
  1705 | D:3      | 1705 ||| DROPPING 2 potions of lignification.
  1721 | D:4      | 1721 ||| STAIRDANCE
  1795 | D:4      | 1795 ||| STAIRDANCE
  1814 | D:4      | Reached skill level 6 in Ranged Weapons
  1932 | D:4      | Found a staircase to the Ecumenical Temple.
  1933 | D:4      | 1933 ||| PLANNING TEMPLE
  1933 | D:4      | 1933 ||| READING scroll labelled ALEATTULIO.
  1933 | D:4      | 1933 ||| ENCHANTING +0 shortbow.
  1934 | D:4      | 1934 ||| READING scroll labelled PONILA JOPSOCH.
  1941 | D:4      | Reached XP level 6. HP: 30/30 MP: 7/7
  1945 | Temple   | Entered the Ecumenical Temple
  1946 | Temple   | 1946 ||| PLANNING OKAWARU WORSHIP
  1981 | Temple   | Became a worshipper of Warmaster Okawaru
  1982 | Temple   | 1982 ||| PLANNING D:1-11
  2031 | D:4      | Noticed Pikel
  2032 | D:4      | 2032 ||| DRINKING 2 potions of haste.
  2054 | D:4      | Killed Pikel
  2055 | D:4      | Reached skill level 9 in Dodging
  2055 | D:4      | Reached XP level 7. HP: 13/35 MP: 8/8
  2244 | D:4      | Found a runed translucent gate.
  2244 | D:4      | Found a runed translucent gate.
  2244 | D:4      | Found a runed translucent gate.
  2445 | D:4      | Noticed qw's ghost (amateur DEHu)
  2510 | D:5      | Entered Level 5 of the Dungeon
  2515 | D:5      | 2515 ||| RETREEEEATING.
  2517 | D:5      | 2517 ||| DRINKING potion of haste.
  2529 | D:5      | HP: 8/35 [poisoned by a scorpion]
  2530 | D:5      | 2530 ||| DRINKING potion of heal wounds.
  2536 | D:5      | Reached * piety under Okawaru
  2537 | D:5      | 2537 ||| INVOKING Heroism.
  2539 | D:5      | HP: 3/35 [gnoll/+0 spear[a gnoll bouda] (9)]
  2543 | D:5      | Slain by a gnoll

Levels and vault maps discovered:
D:1:      lightli_arrival_flooded_house, layout_rooms
D:2:      layout_basic, basic_altar, minmay_lizard_king
D:3:      layout_rooms, grunt_dithmenos_smoke_and_mirrors, trog_book
D:4:      layout_rooms, temple_green, gammafunk_ghost_icy, uniq_pikel
D:5:      layout_rooms, mainiacjoe_overflow_paths, uniq_crazy_yiuf_cottage,
          uniq_grinder, uniq_ijyb
Temple:   bh_familiar_temple

Skill      XL: |  1  2  3  4  5  6 |
---------------+-------------------+-----
Dodging        | 3 4 5 9 |  9.2
Ranged Weapons | 5 6 |  6.5
Fighting       | 2 |  2.0
Stealth        | |  1.5

Action                     |  1- 3 |  4- 6 |  7- 9 || total
---------------------------+-------+-------+-------++-------
   Fire: Shortbow          |   165 |   129 |    56 ||   350
 Invoke: Heroism           |       |       |     1 ||     1
    Use: Scroll            |     3 |     7 |       ||    10
         Potion            |     2 |     1 |     2 ||     5
 Armour: Robe              |    31 |    23 |    14 ||    68
  Dodge: Dodged            |   120 |    70 |    52 ||   242

Table legend:
 A = Non-vault XP
 B = Vault XP
 C = Vault XP percentage of total XP
 D = Non-vault monster count
 E = Vault monster count
 F = Vault count percentage of total count
                 A         B        C        D         E       F
            +---------+---------+-------+---------+---------+-------
      Total |     570 |     602 |  51.4 |      84 |      10 |  10.6
            +---------+---------+-------+---------+---------+-------
        D:1 |      46 |       0 |   0.0 |      27 |       0 |   0.0
        D:2 |      36 |       9 |  20.0 |      14 |       9 |  39.1
        D:3 |     215 |       0 |   0.0 |      29 |       0 |   0.0
        D:4 |     171 |     593 |  77.6 |      12 |       1 |   7.7
        D:5 |     102 |       0 |   0.0 |       2 |       0 |   0.0
            +---------+---------+-------+---------+---------+-------
